General information
- name: BNet
- type: Ladder team game (AT/RT)
- host: Battle.net
- saver: Wintaker
map: TwilightRuins
- players: 8
- length: 34:53
- speed: Fast
- version: 1.26 W3XP
- replay type: Public
» download(201 KB)
Players
team 1 (winner)

»
ineversaywizard (
pink | 46 APM | 895 actions | 19:40)
6 Dark Ranger
3 Black Arrow
2 Silence
1 Charm
4 Priestess of the Moon
2 Trueshot Aura
2 Searing Arrows
» actions
| Assign group hotkey | 28 | |
| Basic commands | 136 | |
| Build / train | 66 | |
| Enter build submenu | 23 | |
| Enter hero's abilities submenu | 10 | |
| Give item / drop item | 5 | |
| Remove unit from queue | 1 | |
| Right click | 194 | |
| Select / deselect | 228 | |
| Select group hotkey | 167 | |
| Use ability | 37 | |
895 total
» units
| Wisp | 17 | |
| Archer | 4 | |
| Goblin Shredder | 1 | |
| Hippogryph | 11 | |
| Chimaera | 3 | |
36 total
» upgrades
| Strength of the Moon | 1 | |
| Improved Bows | 1 | |
| Nature's Blessing | 1 | |
| Strength of the Wild | 3 | |
| Reinforced Hides | 2 | |
| Marksmanship | 1 | |
| Corrosive Breath | 1 | |
| Well Spring | 1 | |
11 total
» buildings
| Moon Well | 8 | |
| Ancient of War | 2 | |
| Altar of Elders | 1 | |
| Tree of Life | 2 | |
| Tree of Ages | 1 | |
| Hunter's Hall | 1 | |
| Tree of Eternity | 1 | |
| Ancient of Wind | 3 | |
| Ancient of Wonders | 1 | |
| Chimaera Roost | 4 | |
| Ancient Protector | 1 | |
25 total
» build order
00:31 Moon Well
00:40 Ancient of War
01:25 Ancient of War
01:35 Moon Well
01:58 Altar of Elders
03:35 Moon Well
04:21 Tree of Life
04:32 Moon Well
04:35 Tree of Ages
05:27 Moon Well
05:57 Hunter's Hall
06:58 Tree of Eternity
07:10 Moon Well
07:44 Ancient of Wind
08:14 Moon Well
09:01 Ancient of Wonders
09:15 Moon Well
09:24 Chimaera Roost
09:26 Chimaera Roost
09:29 Chimaera Roost
10:51 Chimaera Roost
10:57 Ancient of Wind
10:58 Ancient of Wind
15:59 Tree of Life
16:35 Ancient Protector
» items

»
Drolbary (
yellow | 40 APM | 648 actions | 16:07)
3 Archmage
1 Summon Water Elemental
1 Brilliance Aura
1 Blizzard
» actions
| Assign group hotkey | 10 | |
| Build / train | 57 | |
| Enter build submenu | 27 | |
| Enter hero's abilities submenu | 3 | |
| Remove unit from queue | 1 | |
| Right click | 242 | |
| Select / deselect | 168 | |
| Select group hotkey | 87 | |
| Use ability | 53 | |
648 total
» units
| Peasant | 20 | |
| Rifleman | 10 | |
| Flying Machine | 7 | |
37 total
» upgrades
| Gunpowder | 2 | |
| Armor | 2 | |
| Long Rifles | 1 | |
| Flak Cannons | 1 | |
| Flying Machine Bombs | 1 | |
7 total
» buildings
| Farm | 9 | |
| Altar of Kings | 1 | |
| Barracks | 1 | |
| Lumber Mill | 1 | |
| Blacksmith | 1 | |
| Scout Tower | 6 | |
| Guard Tower | 4 | |
| Keep | 1 | |
| Arcane Vault | 1 | |
| Town Hall | 1 | |
| Castle | 1 | |
| Workshop | 3 | |
30 total
» build order
00:24 Farm
00:39 Altar of Kings
00:54 Barracks
01:21 Farm
01:47 Lumber Mill
01:58 Blacksmith
02:09 Farm
02:47 Farm
03:26 Farm
04:08 Scout Tower
04:12 Scout Tower
04:28 Guard Tower
04:34 Scout Tower
04:36 Guard Tower
04:40 Scout Tower
05:04 Guard Tower
05:17 Guard Tower
05:21 Farm
06:04 Farm
06:41 Keep
07:19 Arcane Vault
08:27 Farm
09:00 Town Hall
09:15 Farm
09:45 Castle
10:05 Scout Tower
10:11 Scout Tower
11:08 Workshop
12:51 Workshop
14:50 Workshop
» items
| Scroll of Regeneration | 2 | |
| Potion of Healing | 1 | |
3 total
Wintaker (
purple | 95 APM | 3315 actions | 34:53)
10 Archmage
3 Summon Water Elemental
3 Brilliance Aura
1 Mass Teleport
3 Blizzard
» actions
| Assign group hotkey | 114 | |
| Basic commands | 70 | |
| Build / train | 149 | |
| ESC pressed | 5 | |
| Enter build submenu | 65 | |
| Enter hero's abilities submenu | 10 | |
| Give item / drop item | 3 | |
| Right click | 1181 | |
| Select / deselect | 387 | |
| Select group hotkey | 804 | |
| Use ability | 527 | |
3315 total
» units
| Peasant | 15 | |
| Footman | 5 | |
| Goblin Shredder | 4 | |
| Gryphon Rider | 5 | |
| Goblin Zeppelin | 3 | |
| Wisp | 4 | |
| Goblin Sapper | 1 | |
37 total
» upgrades
| Masonry | 4 | |
| Swords | 4 | |
| Armor | 3 | |
| Animal War Training | 1 | |
| Storm Hammers | 1 | |
| Cloud | 1 | |
| Nature's Blessing | 1 | |
| Well Spring | 1 | |
| Plating | 1 | |
| Defend | 1 | |
| Magic Sentry | 1 | |
| Lumber Harvesting | 1 | |
20 total
» buildings
| Farm | 10 | |
| Altar of Kings | 1 | |
| Barracks | 1 | |
| Arcane Vault | 1 | |
| Lumber Mill | 1 | |
| Blacksmith | 1 | |
| Town Hall | 1 | |
| Scout Tower | 30 | |
| Guard Tower | 26 | |
| Keep | 4 | |
| Gryphon Aviary | 4 | |
| Castle | 3 | |
| Moon Well | 5 | |
| Ancient Protector | 11 | |
| Arcane Tower | 18 | |
| Arcane Sanctum | 1 | |
118 total
» build order
01:07 Farm
01:12 Altar of Kings
01:16 Barracks
01:22 Farm
01:36 Farm
01:47 Farm
01:55 Arcane Vault
02:39 Lumber Mill
03:52 Blacksmith
04:35 Town Hall
05:34 Farm
05:39 Farm
05:54 Scout Tower
05:55 Scout Tower
05:56 Scout Tower
05:57 Scout Tower
05:57 Scout Tower
06:41 Guard Tower
06:41 Guard Tower
06:48 Keep
06:48 Keep
07:14 Scout Tower
07:15 Scout Tower
07:18 Scout Tower
07:22 Scout Tower
07:23 Scout Tower
07:26 Scout Tower
07:53 Guard Tower
07:53 Guard Tower
07:53 Guard Tower
07:56 Guard Tower
07:56 Guard Tower
08:04 Guard Tower
08:04 Guard Tower
08:05 Guard Tower
09:13 Gryphon Aviary
09:14 Gryphon Aviary
09:15 Gryphon Aviary
09:20 Gryphon Aviary
09:37 Castle
09:38 Castle
09:38 Castle
19:35 Farm
19:36 Farm
19:38 Farm
19:40 Farm
20:56 Scout Tower
20:56 Scout Tower
20:57 Scout Tower
20:57 Scout Tower
20:58 Scout Tower
20:59 Keep
20:59 Keep
21:05 Scout Tower
21:06 Scout Tower
21:06 Scout Tower
21:07 Scout Tower
21:08 Scout Tower
21:09 Scout Tower
21:09 Scout Tower
21:10 Scout Tower
21:11 Scout Tower
21:12 Scout Tower
21:13 Scout Tower
21:49 Guard Tower
21:50 Guard Tower
21:50 Guard Tower
21:51 Guard Tower
21:52 Guard Tower
22:47 Moon Well
22:47 Moon Well
22:48 Moon Well
22:49 Moon Well
22:49 Moon Well
22:52 Ancient Protector
22:53 Ancient Protector
22:54 Ancient Protector
22:55 Ancient Protector
22:56 Ancient Protector
23:00 Ancient Protector
23:01 Ancient Protector
23:15 Guard Tower
23:15 Guard Tower
23:15 Guard Tower
23:18 Scout Tower
23:22 Scout Tower
23:25 Scout Tower
23:47 Guard Tower
23:48 Guard Tower
23:48 Guard Tower
23:49 Arcane Tower
23:49 Arcane Tower
23:51 Arcane Tower
23:51 Arcane Tower
23:52 Arcane Tower
23:53 Arcane Tower
23:53 Arcane Tower
23:55 Arcane Sanctum
24:10 Ancient Protector
24:11 Ancient Protector
24:16 Ancient Protector
24:42 Guard Tower
24:42 Guard Tower
24:42 Guard Tower
24:44 Arcane Tower
24:45 Arcane Tower
24:45 Arcane Tower
24:46 Arcane Tower
24:46 Arcane Tower
24:46 Arcane Tower
25:12 Ancient Protector
» items
| Scroll of Regeneration | 2 | |
| Mechanical Critter | 2 | |
| Potion of Invulnerability | 1 | |
| Periapt of Vitality | 2 | |
| Scroll of Protection | 1 | |
| Potion of Lesser Invulnerability | 1 | |
| Scroll of Healing | 1 | |
| Healing Wards | 1 | |
| Dust of Appearance | 1 | |
| Scroll of Town Portal | 1 | |
13 total
CWSbaseball365 (
green | 52 APM | 1104 actions | 21:18)
5 Goblin Tinker
2 Pocket Factory
3 Cluster Rockets
2 Keeper of the Grove
1 Entangling Roots
1 Force of Nature
» actions
| Assign group hotkey | 52 | |
| Basic commands | 37 | |
| Build / train | 56 | |
| Enter build submenu | 20 | |
| Enter hero's abilities submenu | 7 | |
| Remove unit from queue | 3 | |
| Right click | 341 | |
| Select / deselect | 242 | |
| Select group hotkey | 287 | |
| Use ability | 59 | |
1104 total
» units
| Wisp | 16 | |
| Archer | 1 | |
| Huntress | 8 | |
| Druid of the Claw | 10 | |
35 total
» upgrades
| Strength of the Wild | 3 | |
| Druid of the Claw Training | 2 | |
| Moon Armor | 1 | |
| Mark of the Claw | 1 | |
7 total
» buildings
| Ancient of War | 1 | |
| Moon Well | 10 | |
| Altar of Elders | 1 | |
| Hunter's Hall | 1 | |
| Tree of Ages | 1 | |
| Ancient Protector | 2 | |
| Ancient of Lore | 3 | |
| Tree of Eternity | 1 | |
20 total
» build order
00:23 Ancient of War
00:37 Moon Well
00:50 Altar of Elders
01:44 Moon Well
02:44 Hunter's Hall
03:39 Tree of Ages
03:53 Moon Well
04:55 Moon Well
05:54 Ancient Protector
06:18 Moon Well
06:36 Ancient of Lore
06:52 Ancient of Lore
06:56 Ancient of Lore
06:58 Tree of Eternity
07:21 Moon Well
08:58 Moon Well
10:03 Moon Well
10:57 Moon Well
16:07 Moon Well
20:34 Ancient Protector
team 2 (loser)
hft (
blue | 42 APM | 1158 actions | 27:34)
7 Blademaster
2 Wind Walk
3 Critical Strike
1 Mirror Image
1 Bladestorm
2 Shadow Hunter
1 Healing Wave
1 Hex
» actions
| Build / train | 97 | |
| Enter build submenu | 26 | |
| Enter hero's abilities submenu | 9 | |
| Give item / drop item | 6 | |
| Right click | 536 | |
| Select / deselect | 375 | |
| Use ability | 109 | |
1158 total
» units
| Peon | 20 | |
| Shaman | 5 | |
| Tauren | 6 | |
| Troll Witch Doctor | 2 | |
| Troll Batrider | 11 | |
| Wind Rider | 1 | |
45 total
» upgrades
| Spiked Barricades | 1 | |
| Melee Weapons | 3 | |
| Armor | 2 | |
| Shaman Training | 2 | |
| Pulverize | 1 | |
| Witch Doctor Training | 3 | |
| Pillage | 1 | |
| Liquid Fire | 1 | |
14 total
» buildings
| Orc Burrow | 9 | |
| Altar of Storms | 1 | |
| War Mill | 1 | |
| Voodoo Lounge | 2 | |
| Watch Tower | 6 | |
| Stronghold | 1 | |
| Fortress | 1 | |
| Spirit Lodge | 1 | |
| Great Hall | 2 | |
| Tauren Totem | 1 | |
| Beastiary | 2 | |
27 total
» build order
00:07 Orc Burrow
00:15 Altar of Storms
00:41 War Mill
01:21 Voodoo Lounge
01:54 Watch Tower
02:25 Watch Tower
02:59 Watch Tower
03:27 Stronghold
03:46 Orc Burrow
04:06 Orc Burrow
05:13 Orc Burrow
05:51 Fortress
05:54 Spirit Lodge
05:58 Orc Burrow
07:39 Great Hall
08:15 Tauren Totem
14:22 Beastiary
15:18 Beastiary
15:34 Orc Burrow
18:21 Orc Burrow
19:17 Great Hall
19:19 Watch Tower
19:23 Watch Tower
19:45 Orc Burrow
20:15 Voodoo Lounge
20:30 Orc Burrow
20:33 Watch Tower
» items
| Healing Salve | 8 | |
| Lesser Clarity Potion | 6 | |
| Orb of Lightning | 1 | |
| Scroll of Town Portal | 9 | |
| Potion of Healing | 1 | |
25 total
warmachinebot (
red | 29 APM | 1028 actions | 34:52)
6 Tauren Chieftain
2 War Stomp
3 Endurance Aura
1 Reincarnation
» actions
| Assign group hotkey | 19 | |
| Basic commands | 21 | |
| Build / train | 96 | |
| Enter build submenu | 20 | |
| Enter hero's abilities submenu | 6 | |
| Give item / drop item | 6 | |
| Remove unit from queue | 2 | |
| Right click | 163 | |
| Select / deselect | 293 | |
| Select group hotkey | 287 | |
| Use ability | 114 | |
1028 total
» units
| Peon | 15 | |
| Grunt | 4 | |
| Goblin Shredder | 4 | |
| Tauren | 11 | |
| Troll Witch Doctor | 8 | |
| Shaman | 7 | |
49 total
» upgrades
| Armor | 2 | |
| Witch Doctor Training | 2 | |
| Shaman Training | 2 | |
| Melee Weapons | 2 | |
| Reinforced Defenses | 1 | |
| Pulverize | 1 | |
10 total
» buildings
| Altar of Storms | 1 | |
| Orc Burrow | 5 | |
| Barracks | 1 | |
| Voodoo Lounge | 2 | |
| Stronghold | 4 | |
| War Mill | 1 | |
| Fortress | 1 | |
| Spirit Lodge | 2 | |
| Great Hall | 1 | |
| Tauren Totem | 2 | |
| Watch Tower | 4 | |
24 total
» build order
00:13 Altar of Storms
00:23 Orc Burrow
00:39 Barracks
01:26 Orc Burrow
02:32 Voodoo Lounge
03:20 Stronghold
03:21 Stronghold
03:21 Stronghold
03:58 Orc Burrow
04:13 War Mill
05:45 Fortress
05:49 Spirit Lodge
06:01 Spirit Lodge
06:34 Great Hall
08:09 Tauren Totem
08:13 Tauren Totem
10:23 Orc Burrow
10:31 Watch Tower
10:36 Watch Tower
10:40 Watch Tower
10:44 Watch Tower
10:49 Orc Burrow
19:21 Voodoo Lounge
» items
| Healing Salve | 7 | |
| Lesser Clarity Potion | 5 | |
| Tiny Great Hall | 1 | |
| Orb of Lightning | 1 | |
| Scroll of Town Portal | 3 | |
| Potion of Healing | 2 | |
| Potion of Mana | 1 | |
20 total
SgtTankDiesel (
orange | 61 APM | 2135 actions | 34:52)
8 Archmage
3 Summon Water Elemental
3 Brilliance Aura
1 Mass Teleport
1 Blizzard
» actions
| Assign group hotkey | 72 | |
| Basic commands | 131 | |
| Build / train | 72 | |
| Enter build submenu | 29 | |
| Enter hero's abilities submenu | 8 | |
| Give item / drop item | 3 | |
| Remove unit from queue | 1 | |
| Right click | 697 | |
| Select / deselect | 353 | |
| Select group hotkey | 213 | |
| Use ability | 556 | |
2135 total
» units
| Peasant | 12 | |
| Footman | 4 | |
| Goblin Shredder | 1 | |
| Gryphon Rider | 8 | |
| Goblin Sapper | 7 | |
32 total
» upgrades
| Masonry | 3 | |
| Swords | 3 | |
| Armor | 3 | |
| Animal War Training | 1 | |
| Storm Hammers | 1 | |
| Cloud | 1 | |
12 total
» buildings
| Altar of Kings | 1 | |
| Barracks | 1 | |
| Farm | 5 | |
| Arcane Vault | 1 | |
| Keep | 1 | |
| Town Hall | 1 | |
| Lumber Mill | 1 | |
| Scout Tower | 21 | |
| Guard Tower | 3 | |
| Castle | 1 | |
| Gryphon Aviary | 4 | |
| Blacksmith | 2 | |
42 total
» build order
00:39 Altar of Kings
00:40 Barracks
00:50 Farm
00:50 Farm
01:05 Farm
01:40 Farm
03:00 Arcane Vault
03:34 Keep
04:05 Town Hall
04:22 Lumber Mill
05:28 Scout Tower
05:30 Scout Tower
05:32 Scout Tower
05:34 Scout Tower
05:36 Scout Tower
06:15 Guard Tower
07:19 Castle
08:24 Gryphon Aviary
08:24 Gryphon Aviary
08:24 Gryphon Aviary
08:25 Gryphon Aviary
09:35 Blacksmith
10:01 Blacksmith
10:49 Farm
14:19 Scout Tower
14:20 Scout Tower
14:20 Scout Tower
14:22 Scout Tower
14:23 Scout Tower
14:25 Scout Tower
14:27 Scout Tower
14:28 Scout Tower
14:29 Scout Tower
14:30 Scout Tower
14:32 Scout Tower
14:33 Scout Tower
14:34 Scout Tower
14:35 Scout Tower
14:35 Scout Tower
14:36 Scout Tower
15:59 Guard Tower
16:23 Guard Tower
» items
| Scroll of Regeneration | 2 | |
| Mechanical Critter | 4 | |
| Scroll of Town Portal | 3 | |
| Potion of Healing | 1 | |
| Staff of Sanctuary | 1 | |
| Potion of Lesser Invulnerability | 1 | |
| Staff of Teleportation | 1 | |
13 total
CRICKETBALL (
teal | 57 APM | 1858 actions | 32:21)
7 Far Seer
3 Feral Spirit
3 Chain Lighting
1 Earth Quake
» actions
| Assign group hotkey | 31 | |
| Basic commands | 108 | |
| Build / train | 71 | |
| Enter build submenu | 26 | |
| Enter hero's abilities submenu | 7 | |
| Give item / drop item | 3 | |
| Right click | 698 | |
| Select / deselect | 265 | |
| Select group hotkey | 507 | |
| Use ability | 142 | |
1858 total
» units
| Peon | 11 | |
| Goblin Shredder | 2 | |
| Wind Rider | 4 | |
| Troll Batrider | 7 | |
| Goblin Sapper | 13 | |
| Raider | 3 | |
40 total
» upgrades
| Reinforced Defenses | 1 | |
| Envenomed Spears | 1 | |
| Ranged Weapons | 2 | |
| Armor | 2 | |
| Ensnare | 1 | |
| Liquid Fire | 1 | |
| Melee Weapons | 2 | |
10 total
» buildings
| Altar of Storms | 1 | |
| Orc Burrow | 6 | |
| Voodoo Lounge | 1 | |
| Stronghold | 1 | |
| War Mill | 1 | |
| Watch Tower | 24 | |
| Great Hall | 1 | |
| Fortress | 1 | |
| Beastiary | 4 | |
40 total
» build order
00:13 Altar of Storms
00:25 Orc Burrow
00:48 Voodoo Lounge
02:09 Stronghold
02:13 War Mill
02:39 Orc Burrow
03:32 Orc Burrow
03:55 Watch Tower
04:10 Watch Tower
04:36 Great Hall
05:44 Watch Tower
05:44 Watch Tower
05:51 Orc Burrow
06:17 Fortress
06:35 Beastiary
06:54 Watch Tower
06:56 Watch Tower
07:19 Beastiary
08:53 Watch Tower
08:53 Watch Tower
08:53 Watch Tower
09:05 Watch Tower
09:24 Watch Tower
09:24 Watch Tower
09:24 Watch Tower
09:25 Watch Tower
09:26 Watch Tower
10:18 Beastiary
10:24 Orc Burrow
10:27 Orc Burrow
13:05 Beastiary
15:10 Watch Tower
15:11 Watch Tower
15:11 Watch Tower
15:13 Watch Tower
15:13 Watch Tower
15:13 Watch Tower
15:14 Watch Tower
15:15 Watch Tower
15:15 Watch Tower
» items
| Healing Salve | 3 | |
| Scroll of Town Portal | 3 | |
| Staff of Teleportation | 1 | |
| Potion of Lesser Invulnerability | 2 | |
| Orb of Lightning | 1 | |
10 total
Chat log
(00:07 / All) Wintaker: do you pricks all have northshire vetoed?
(00:56 / All) ineversaywizard: toss up between feralas and cherryville
(01:18 / All) CRICKETBALL: wtf ferelas is leet it pawns deathknell and lms
(01:19 / All) ineversaywizard: too hard to get teammates that play the map
(01:37 / All) Wintaker: wtf?
(01:40 / All) Wintaker: do people just leave feralas?
(01:43 / All) Wintaker: I've only gotten it once so far
(01:46 / All) ineversaywizard: usually tech
(01:51 / All) ineversaywizard: and sit in base
(01:57 / All) Wintaker: lawl
(02:16 / All) Wintaker: you can fast expo on that map if you tower the chokes
(02:22 / All) Wintaker: but teching without expo wouldn't work at all
(02:43 / All) ineversaywizard: ...
(02:51 / All) Wintaker: what
(03:07 / All) ineversaywizard: can kill 3 bases by morning if people try
(03:30 / All) Wintaker: yeah but why do that when you can drag it out
(06:36 / Allies) Drolbary: gold plz guys
(11:14 / All) CRICKETBALL: bad boy
(11:38 / All) Wintaker: I kept microing vs that creep lawl
(11:59 / All) Wintaker: wouldn't coil me for some reason
(12:00 / All) SgtTankDiesel: Wtf did they nerf sappers
(12:17 / All) SgtTankDiesel: or did you upgrade
(12:54 / All) Wintaker: did red tiny hall that?
(14:04 / Allies) CWSbaseball365: we need aa
(14:30 / Allies) CWSbaseball365: theres our aa. lol
(15:07 / Allies) Drolbary: gold plz
(15:40 / All) Wintaker: mega noob red
(15:43 / All) Wintaker: was that worth trying to get my am?
(16:55 / Allies) ineversaywizard: last fight
(17:41 / All) CRICKETBALL: die pink
(18:38 / All) CRICKETBALL: di epink!
(19:41 / All) CRICKETBALL: we dont wan tur charity
(19:45 / All) SgtTankDiesel: He gave control?
(19:48 / All) SgtTankDiesel: LOL
(19:50 / All) warmachinebot: yawn purple
(20:10 / All) warmachinebot: yawn
(20:24 / All) Wintaker: you lose
(21:09 / All) warmachinebot: hey purple wins
(21:17 / All) Wintaker: I said you lose
(21:20 / All) CRICKETBALL: y
(22:33 / All) Wintaker: you lose red
(22:42 / All) Wintaker: how's it feel to be such a loser?
(22:55 / All) warmachinebot: yawn
(23:06 / All) SgtTankDiesel: are you on sleep medication
(23:14 / All) SgtTankDiesel: you seem awfully sleepy!
(23:45 / All) Wintaker: yawn
(25:13 / All) CRICKETBALL: felt red and blue were arrogant they enhver talked
(25:24 / All) SgtTankDiesel: yawn
(25:36 / All) SgtTankDiesel: I guess he thinks that's a witty catchphrase
(25:51 / All) hft: lol
(25:58 / All) CRICKETBALL: ya' gonna die bm
(26:04 / All) hft: i know noob
(26:29 / All) CRICKETBALL: gg
(26:32 / All) SgtTankDiesel: lol
(26:35 / All) hft: lol
(26:35 / All) Wintaker: owned
(26:43 / All) CRICKETBALL: we aint amateurs dawg
(26:44 / All) SgtTankDiesel: Can't run for ever gingerbread man
(26:54 / All) CRICKETBALL: we been doing this since u been suckign on ur mommys teets
(27:17 / All) Wintaker: I don't get why more NE in 4v4 don't do similar to we do
(27:21 / All) Wintaker: and get lots of gold
(27:22 / All) Wintaker: and mass wells
(27:25 / All) Wintaker: THEN go over 50 food
(27:30 / All) Wintaker: wells are ridiculous
(27:35 / All) CRICKETBALL: chippo is fine
(27:36 / All) SgtTankDiesel: It takes a certain type of faggot
(27:40 / All) SgtTankDiesel: to want to play NE
(27:44 / All) SgtTankDiesel: so they just want to mass chippo
(27:46 / All) SgtTankDiesel: right awy
(27:56 / All) Wintaker: I hate playing NE the right way
(28:02 / All) SgtTankDiesel: Wardens can 1v4 armies
(28:03 / All) Wintaker: So many low HP low armour units
(28:11 / All) SgtTankDiesel: unless they're fighting tnaks
(28:26 / All) Wintaker: to play NE you need to cheese, go noob build like chippo, or want to micro constantly
(28:30 / All) SgtTankDiesel: tanks rape warden mass moonwell
(28:39 / All) Wintaker: Hu and orc micro are way more fun since units don't instadie
(29:30 / All) Wintaker: I wonder if these people think their usernames are really clever
(29:34 / All) Wintaker: Like TheArmpitlord last game
(29:38 / All) Wintaker: play on words pitlord, brilliant!
(30:09 / All) Wintaker: is your team talking?
(30:14 / All) CRICKETBALL: no
(30:18 / All) Wintaker: damn
(30:21 / All) Wintaker: bad chats today
(31:15 / All) SgtTankDiesel: yawn
(31:16 / All) SgtTankDiesel: zzzz
(31:47 / All) Wintaker: what I really find funny is when NE are begging for wood
(31:51 / All) Wintaker: they have fucking wisps
(32:05 / All) Wintaker: NE should never be out of wood
(32:17 / All) CRICKETBALL: i watch tv good work ill be back at like 8
(32:39 / All) SgtTankDiesel: Any words of wisdom, reD?
(33:35 / All) Wintaker: lights show is the fastest gold sink in the game
(33:49 / All) SgtTankDiesel: yeah
(34:02 / All) Wintaker: already out lol
(34:20 / All) SgtTankDiesel: YIPPEE AY KIYAY
(34:22 / All) SgtTankDiesel: MOTHERFUCKER
(34:26 / All) SgtTankDiesel: MERICA YEAH